 Dungeon Crawl Stone Soup version 0.31-a0-750-gfe7b580527 (webtiles) character file.

Game seed: 2996671643596053126

1133 SmokeWeed the Sneak (level 8, 0/58 HPs)
             Began as a Spriggan Artificer on Sept 15, 2023.
             Succumbed to an orc wizard's poison
             ... on level 5 of the Dungeon.
             The game lasted 00:22:32 (5000 turns).

SmokeWeed the Sneak (Spriggan Artificer)            Turns: 5000, Time: 00:22:32

Health: 0/58       AC:  7    Str:  8    XL:     8   Next: 14%
Magic:  9/9        EV: 22    Int: 14    God:
Gold:   176        SH:  0    Dex: 22    Spells: 7/7 levels left

rFire   . . .        j - +0 dagger (chaos)
rCold   . . .        (no shield)
rNeg    . . .        n - +5 robe of Adeat {Will++}
rPois   .            (helmet restricted)
rElec   .            (no cloak)
rCorr   .            (gloves unavailable)
SInv    +            (boots unavailable)
Will    +++..        (no amulet) Stlth
                     k - +6 ring of dexterity
HPRegen 0.29/turn    (no ring)
MPRegen 0.11/turn

%: no passive effects
@: berserking (expiring), lethally poisoned (0 -> -7), very quick
A: very small, no large weapons, unfitting armour, see invisible, speed 3
a: no special abilities


You were on level 5 of the Dungeon.
You visited 1 branch of the dungeon, and saw 5 of its levels.

You collected 297 gold pieces.
You spent 121 gold pieces at shops.

Inventory:

Hand Weapons
 a - a +0 club
 b - a +1 whip of freezing
 c - a +0 club of chaos
 g - a +0 short sword
 i - a +0 mace
 j - a +0 dagger of chaos (weapon)
 m - a +2 whip of venom
Armour
 n - the +5 robe of Adeat (worn) {Will++}
   (You bought it in a shop on level 2 of the Dungeon)

   Will++:    It greatly increases your willpower.
 o - a +1 robe
Jewellery
 k - a +6 ring of dexterity (left hand)
Wands
 d - a wand of charming (13)
 e - a wand of iceblast (1)
 f - a wand of mindburst (13) (quivered)
 t - a wand of light (3)
Potions
 l - a potion of attraction
 r - a potion of enlightenment {unknown}


   Skills:
 + Level 2.4 Fighting
 + Level 0.4 Short Blades
 + Level 4.5 Maces & Flails
 + Level 6.0 Dodging
 + Level 7.1 Stealth
 + Level 5.6 Evocations


You had 7 spell levels left.
You didn't know any spells.
Your spell library contained the following spells:

 Spells                   Type           Power      Damage    Failure   Level
 Cigotuvi's Dreadful Rot  Necr/Pois/Air  0%         N/A       41%         2
 Dazzling Flash           Conj/Hex       0%         N/A       65%         3
 Dispel Undead            Necr           0%         3d6       96%         4
 Agony                    Necr           0%         N/A       100%        5
 Silence                  Hex/Air        0%         N/A       100%        5
 Death Channel            Necr           0%         N/A       100%        6


Dungeon Overview and Level Annotations

Branches:
Dungeon (5/15)
 Temple: D:4-7

Altars:
Fedhas
Xom

Shops:
D:2 [


Innate Abilities, Weirdness & Mutations

You are very small and have problems with some larger weapons.
You are too small for most types of armour.
You have supernaturally acute eyesight. (SInv)
You cover ground extremely quickly. (Speed+++)


Message History

The orc wizard is severely wounded.
You feel very sick.
The orc wizard points at you and mumbles some strange words.
The magic dart hits you.
You barely miss the orc wizard.
The orc wizard is almost dead.
You feel sick.
The orc wizard hits you with a +2 dagger of venom.
You are lethally poisoned!
You hit the orc wizard.
The orc wizard suddenly seems more resistant.
The orc wizard is almost dead.
* * * LOW HITPOINT WARNING * * *
You feel very sick. The orc wizard completely misses you.
You hit the orc wizard but do no damage.
The orc wizard goes berserk!
The orc wizard is almost dead.
* * * LOW HITPOINT WARNING * * *
You feel very sick. The orc wizard closely misses you.
You miss the orc wizard.
The orc wizard is almost dead.
* * * LOW HITPOINT WARNING * * *
You feel very sick. The orc wizard closely misses you.
It was a potion of berserk rage.
A red film seems to cover your vision as you go berserk!
You feel yourself moving faster!
You feel mighty!
* * * LOW HITPOINT WARNING * * *
You feel sick.
You kill the orc wizard!
You are too berserk!
You feel a strong urge to attack something.
* * * LOW HITPOINT WARNING * * *
You feel sick.
Items here: ))) [[ †††.
You are too berserk!
You are too berserk!
You die...

### ...
#.##########
#o#...<......#
+oo...>..)!..#
#)# #@# #)#
#.#######?
#.........
#.######## #.#
#.# #.# #.#


There were no monsters in sight!

Vanquished Creatures
  Pikel (D:4)
  Sigmund (D:4)
  2 lemures (D:4)
  A phantom (D:4)
  A hound (D:4)
  2 orc priests
  4 orc wizards
  Ijyb (D:4)
  Natasha (thrice) (D:3)
  4 gnolls (D:4)
  7 adders
  2 worms (D:3)
  4 dart slugs
  3 orcs
  9 ball pythons
  3 endoplasms
  2 giant cockroaches
  5 goblins
  8 hobgoblins
  4 jackals (D:1)
  5 quokkas
  3 bats
  A frilled lizard (D:1)
  7 kobolds
  6 rats
89 creatures vanquished.

Notes
Turn   | Place    | Note
-------+----------+-------------------------------------------
     0 | D:1      | SmokeWeed the Spriggan Artificer began the quest for the
                  | Orb.
     0 | D:1      | Reached XP level 1. HP: 9/9 MP: 2/2
    89 | D:1      | Reached XP level 2. HP: 14/14 MP: 3/3
   815 | D:1      | Reached XP level 3. HP: 17/17 MP: 4/4
  1612 | D:2      | Reached skill level 1 in Fighting
  1732 | D:2      | Found Mamanur's Antique Armour Boutique.
  1742 | D:2      | Reached skill level 1 in Maces & Flails
  1768 | D:2      | Reached skill level 2 in Stealth
  1829 | D:2      | Bought an ancient robe for 108 gold pieces
  1829 | D:2      | Identified the +5 robe of Adeat {Will++} (You bought it in
                  | a shop on level 2 of the Dungeon)
  1829 | D:2      | Bought a robe for 13 gold pieces
  2218 | D:3      | Reached XP level 4. HP: 22/22 MP: 5/5
  2408 | D:3      | Noticed Natasha
  2421 | D:3      | Killed Natasha
  2443 | D:3      | Noticed Natasha
  2447 | D:3      | Killed Natasha
  2493 | D:3      | Noticed Natasha
  2501 | D:3      | Killed Natasha
  2502 | D:3      | Reached XP level 5. HP: 11/25 MP: 6/6
  2832 | D:3      | Found a blossoming altar of Fedhas.
  2946 | D:4      | Noticed a phantom
  2963 | D:4      | Killed a phantom
  2964 | D:4      | Reached skill level 3 in Stealth
  3085 | D:4      | Noticed Pikel
  3085 | D:4      | Noticed a lemure
  3085 | D:4      | Noticed a lemure
  3449 | D:4      | Reached XP level 6. HP: 30/30 MP: 7/7
  3641 | D:4      | Reached skill level 5 in Evocations
  3733 | D:4      | Killed Pikel
  3734 | D:4      | Reached skill level 5 in Dodging
  3734 | D:4      | Reached skill level 5 in Stealth
  3734 | D:4      | Reached XP level 7. HP: 25/35 MP: 8/8
  4067 | D:4      | Noticed Ijyb
  4104 | D:4      | Killed Ijyb
  4182 | D:4      | Noticed Sigmund
  4196 | D:4      | Killed Sigmund
  4197 | D:4      | Reached skill level 6 in Stealth
  4197 | D:4      | Reached XP level 8. HP: 29/39 MP: 9/9
  4303 | D:4      | Found a shimmering altar of Xom.
  4831 | D:5      | Entered Level 5 of the Dungeon
  4990 | D:5      | Reached skill level 7 in Stealth
  4999 | D:5      | HP: 2/58 [poisoned by an orc wizard]
  5000 | D:5      | Succumbed to an orc wizard's poison

Illustrated notes

Levels and vault maps discovered:
D:1:      heliophobic_arrival_battle_scene, layout_basic
D:2:      layout_loops_ring, serial_shops, nicolae_shop_window_shopping,
          item_on_display_a
D:3:      layout_basic, fedhas_altar_fruit_tree,
          corexii_item_surrounded_by_moat, minmay_misc_feat_nine_boxes,
          st_stairs_6, uniq_natasha
D:4:      layout_basic, tgw_xom, chequers_serial_rivers_small_a, uniq_ijyb,
          uniq_pikel, uniq_sigmund
D:5:      layout_basic, mainiacjoe_overflow_swirl, amcnicky_altar_gilded,
          mainiacjoe_overflow_divided_tiny, minmay_temple_entry_drinking_statues

Skill      XL: |  1  2  3  4  5  6  7  8 |
---------------+-------------------------+-----
Dodging        | 4 5 6 |  6.0
Fighting       | 1 2 |  2.4
Maces & Flails | 1 2 3 4 |  4.5
Stealth        | 2 3 5 6 7 |  7.1
Evocations     | 5 |  5.6
Short Blades   | |  0.4

Action                     |  1- 3 |  4- 6 |  7- 9 || total
---------------------------+-------+-------+-------++-------
  Melee: Club              |    57 |       |    58 ||   115
         Short sword       |    19 |       |       ||    19
         Punch             |     3 |     1 |       ||     4
         Mace              |   106 |   130 |       ||   236
         Whip              |       |       |    12 ||    12
         Dagger            |       |       |    40 ||    40
  Throw: Throwing net      |     1 |       |       ||     1
  Evoke: Wand              |    12 |    13 |     5 ||    30
    Use: Scroll            |       |     5 |       ||     5
         Potion            |       |       |     1 ||     1
   Stab: Sleeping          |     5 |     6 |     3 ||    14
         Held in net/web   |     2 |       |       ||     2
         Invisible         |       |     2 |       ||     2
         Paralysed         |       |       |     7 ||     7
 Armour: Robe              |    50 |    42 |    32 ||   124
  Dodge: Dodged            |   185 |   167 |    75 ||   427

Table legend: (Time is in decaauts)
 A = Elapsed time spent in this place.
 B = Non-inter-level travel time spent in this place.
 C = Inter-level travel time spent in this place.
 D = Time resting spent in this place.
 E = Time spent auto-exploring this place.
 F = Levels seen in this place.
 G = Mean time per level.
                   A        B        C        D        E       F      G
               +--------+--------+--------+--------+--------+-----+--------+
         Total |   3642 |   3422 |    220 |    240 |   2077 |   5 |  728.4 |
       Dungeon |   3642 |   3422 |    220 |    240 |   2077 |   5 |  728.4 |
               +--------+--------+--------+--------+--------+-----+--------+

Top non-repeatable levels by time:
     D:4: 1298 daAuts
     D:1: 872 daAuts
     D:3: 696 daAuts
     D:2: 656 daAuts
     D:5: 118 daAuts
